 Dungeon Crawl Stone Soup version 0.21.0-25-ge575cb9 (webtiles) character file.

106 robertstho the Covered (level 4, 0/29 HPs)
             Began as a Gargoyle Fighter on Jan 27, 2018.
             Killed from afar by an orc wizard (3 damage)
             ... with a puff of flame
             ... on level 3 of the Dungeon.
             The game lasted 00:03:36 (1342 turns).

robertstho the Covered (Gargoyle Fighter)           Turns: 1342, Time: 00:03:37

Health: 0/29       AC: 17    Str: 20    XL:     4   Next: 84%
Magic:  4/4        EV:  3    Int:  8    God:
Gold:   60         SH:  9    Dex: 10    Spells: 3/3 levels left

rFire    . . .     SeeInvis +   a - +0 war axe
rCold    . . .     Gourm    .   c - +0 shield
rNeg     + . .     Faith    .   q - +0 plate armour
rPois    ∞         Spirit   .   j - +0 helmet
rElec    +         Reflect  .   (no cloak)
rCorr    .         Harm     .   l - +0 pair of gloves
MR       .....                  (no boots)
Stlth    ..........             (no amulet)
HPRegen  0.09/turn              g - ring of see invisible
MPRegen  0.09/turn              (no ring)

@: no status effects
A: negative energy resistance 1, electricity resistance, unbreathing,
petrification resistance, rot immunity, AC +3
a: no special abilities


You were on level 3 of the Dungeon.
You were not hungry.

You visited 1 branch of the dungeon, and saw 3 of its levels.

You collected 60 gold pieces.

Inventory:

Hand Weapons
 a - a +0 war axe (weapon)
 k - a +2 flail of crushing
Missiles
 m - 19 bolts
Armour
 c - a +0 shield (worn)
 j - a +0 helmet (worn)
 l - a +0 pair of gloves (worn)
 q - a +0 plate armour (worn)
Jewellery
 g - a ring of see invisible (left hand)
Scrolls
 d - a scroll of magic mapping {unknown}
 e - a scroll of teleportation
 h - 2 scrolls of identify
 i - a scroll of blinking
Potions
 o - a potion of lignification
 p - a potion of flight
Comestibles
 b - 13 chunks of flesh
 f - 2 rations


   Skills:
 + Level 3.8 Fighting
 + Level 2.8 Axes
 + Level 4.1 Armour
 + Level 4.1 Shields


You had 3 spell levels left.
You didn't know any spells.

Dungeon Overview and Level Annotations

Branches:
Dungeon (3/15)

Altars:

Annotations:
D:2 Sigmund


Innate Abilities, Weirdness & Mutations

You are resistant to torment.
Your stone body is resilient. (AC +3)
You are immune to poison.
You resist negative energy. (rN+)
You are resistant to electric shocks. (rElec)
You can survive without breathing.
You are immune to petrification.
You are immune to rotting.


Message History

You closely miss the orc wizard.
The orc wizard is lightly wounded.
Your shield and plate armour prevent you from hitting the bat.
The bat hits you but does no damage. The bat completely misses you.
The orc wizard gestures at you while chanting.
The puff of flame hits you! The bat hits you but does no damage.
The orc wizard splashes around in the water.
You hit the orc wizard.
The orc wizard is moderately wounded.
You hit the bat but do no damage. You block the bat's attack.
The orc wizard casts a spell at you. The magic dart hits you!
* * * LOW HITPOINT WARNING * * *
The orc wizard splashes around in the water.
You closely miss the orc wizard.
The orc wizard is moderately wounded.
You block the bat's attack.
The orc wizard gestures at you while chanting.
The puff of flame hits you!
You die...

#....###.### ###
##...## #.# ##.##
#.....###.#
##...#########........#
#.......).......#######
##...##########.#
####.###########.#
#≈............##+#
#≈≈..≈..≈@≈.≈≈#.
#..≈≈≈≈b≈o≈≈.....
#≈≈≈≈≈≈≈≈≈≈≈.....
....≈≈≈≈≈≈≈≈≈≈....
....≈≈≈≈.≈.≈≈≈≈....
###≈.≈≈≈._.≈≈≈≈≈...
#..≈≈≈≈.≈≈≈≈.....
#..≈≈≈≈≈≈≈≈≈.....
#..≈≈≈≈≈≈≈≈≈≈.#.


You could see an orc wizard and a bat.

Vanquished Creatures
  An orc wizard (D:3)
  Robin (D:2)
  An adder (D:2)
  A dart slug (D:3)
  8 orcs (D:3)
  3 giant cockroaches
  13 goblins
  2 hobgoblins
  3 jackals
  3 bats
  4 frilled lizards
  A kobold (D:3)
  6 rats
47 creatures vanquished.

Notes
Turn   | Place    | Note
-------+----------+-------------------------------------------
     0 | D:1      | robertstho the Gargoyle Fighter began the quest for the Orb.
     0 | D:1      | Reached XP level 1. HP: 14/14 MP: 1/1
   428 | D:1      | Reached XP level 2. HP: 19/19 MP: 2/2
   809 | D:2      | Noticed Robin
   812 | D:2      | Reached XP level 3. HP: 19/23 MP: 3/3
   818 | D:2      | Killed Robin
  1011 | D:2      | Noticed Sigmund
  1109 | D:3      | Reached XP level 4. HP: 29/29 MP: 4/4
  1322 | D:3      | Found a faded altar of an unknown god.
  1342 | D:3      | Killed from afar by an orc wizard

Skill      XL: |  1  2  3  4 |
---------------+-------------+-----
Armour         | 4 |  4.1
Axes           | 2 |  2.8
Shields        | 4 |  4.1
Fighting       | |  3.8

Action                   |  1- 3 |  4- 6 || total
-------------------------+-------+-------++-------
Melee: War axe           |    77 |    54 ||   131
  Use: Scroll            |     6 |       ||     6
       Potion            |     3 |       ||     3
  Eat: Chunk             |       |     2 ||     2
Armor: Scale mail        |     7 |       ||     7
       Plate armour      |    53 |    45 ||    98
Dodge: Dodged            |    11 |     9 ||    20
Block: Shield            |    46 |    34 ||    80
